 Dungeon Crawl Stone Soup version 0.32-a0-900-g30fb1b0edc (webtiles) character file.

Game seed: 17979342075534616315

59163 Autsider the Summoner (level 14, 77/77 HPs)
             Began as a Felid Summoner on Apr 5, 2024.
             Was a High Priest of Kikubaaqudgha.
             Quit the game on level 2 of the Orcish Mines.
             The game lasted 01:42:26 (27078 turns).

Autsider the Summoner (Felid Summoner)             Turns: 27078, Time: 01:42:26

Health: 77/77      AC:  3    Str:  4    XL:     14   Next: 52%
Magic:  31/31      EV: 23    Int: 29    God:    Kikubaaqudgha [*****.]
Gold:   986        SH:  0    Dex: 18    Spells: 12/37 levels left
                                        Lives:  0   Deaths: 5

rFire   + . .        (weapon unavailable)
rCold   + . .        (shield unavailable)
rNeg    . . .        (body armour unavailable)
rPois   +            (helmet unavailable)
rElec   .            (cloak unavailable)
rCorr   .            (gloves unavailable)
SInv    +            (boots unavailable)
Will    +++..        (no amulet)
Stlth   +++++        J - ring of Fikuluan {rPois rF+ Will+}
HPRegen 0.32/turn    B - +6 ring of intelligence
MPRegen 0.22/turn

%: no passive effects
@: studying Summonings
A: very small, claws 1, fangs 3, see invisible, shaggy fur 3, stealthy paws, no
weapons or thrown items, no armour, multi-lived
a: Renounce Religion, Unearth Wretches, Torment


You were on level 2 of the Orcish Mines.
You worshipped Kikubaaqudgha.
Kikubaaqudgha was extremely pleased with you.
You visited 4 branches of the dungeon, and saw 19 of its levels.
You also visited: Sewer and Gauntlet.

You collected 2772 gold pieces.
You spent 1786 gold pieces at shops.

Inventory:

Jewellery
 a - a ring of willpower
 m - a +5 ring of evasion
 n - a +5 ring of evasion
 p - a +4 ring of protection
 r - a ring of fire
 y - a ring of flight
 B - a +6 ring of intelligence (right paw)
 J - the ring of Fikuluan (left paw) {rPois rF+ Will+}
   (You found it in a Gauntlet)

   [ring of poison resistance]

   rF+:       It protects you from fire.
   rPois:     It protects you from poison.
   Will+:     It increases your willpower.
Wands
 o - a wand of paralysis (24)
 q - a wand of acid (7)
 w - a wand of polymorph (8)
 A - a wand of warping (25)
 L - a wand of flame (43)
 N - a wand of mindburst (6)
Scrolls
 c - 2 scrolls of blinking
 d - 3 scrolls of torment
 e - 4 scrolls of fog
 h - 4 scrolls of immolation
 i - 8 scrolls of fear
 j - 2 scrolls of summoning
 t - 4 scrolls of noise
 z - 5 scrolls of teleportation {@r2}
 D - 3 scrolls of poison
 I - a scroll of acquirement
 K - a scroll of revelation
Potions
 f - 3 potions of ambrosia
 g - a potion of resistance {unknown}
 k - 5 potions of might
 l - 2 potions of degeneration
 s - 3 potions of attraction
 u - 2 potions of curing {@q1}
 v - 3 potions of enlightenment
 x - 6 potions of cancellation
 C - 3 potions of brilliance
 E - 2 potions of berserk rage
 F - 2 potions of invisibility {unknown}
 G - a potion of mutation {unknown}
 H - 5 potions of haste
Miscellaneous
 M - a lightning rod (4/4)


   Skills:
 - Level 10.0 Fighting
 - Level 10.0 Dodging
 - Level 10.0 Stealth
 + Level 12.0 Spellcasting
 - Level 13.0 Summonings
 + Level 8.4 Necromancy
 + Level 1.9 Translocations
 - Level 5.0 Fire Magic
 - Level 5.0 Air Magic
 - Level 6.0 Earth Magic
 - Level 5.0 Evocations


You had 12 spell levels left.
You knew the following spells:

 Your Spells              Type           Power      Damage    Failure   Level
a - Call Canine Familiar  Summ           75%        N/A       1%          3
b - Summon Blazeheart Go  Fire/Summ      62%        N/A       1%          4
c - Summon Lightning Spi  Summ/Air       62%        N/A       1%          4
d - Borgnjor's Vile Clut  Necr/Erth      28%        N/A       4%          5
e - Death Channel         Necr           30%        N/A       14%         6
x - Call Imp              Summ           100%       N/A       1%          2
X - Summon Small Mammal   Summ           100%       N/A       0%          1

Your spell library contained the following spells:

 Spells                   Type           Power      Damage    Failure   Level
 Kiss of Death            Conj/Necr      100%       2d13      1%          1
 Sandblast                Erth           100%       2d20      1%          1
 Mercury Vapours          Alch/Air       62%        N/A       1%          2
 Sublimation of Blood     Necr           61%        N/A       1%          2
 Fugue of the Fallen      Necr           61%        N/A       1%          3
 Summon Ice Beast         Ice/Summ       53%        N/A       1%          3
 Vampiric Draining        Necr           61%        2d10      1%          3
 Dispel Undead            Necr           61%        3d21      1%          4
 Lesser Beckoning         Tloc           56%        N/A       2%          2
 Stone Arrow              Conj/Erth      68%        3d11      2%          3
 Curse of Agony           Necr           61%        N/A       2%          5
 Inner Flame              Hex/Fire       31%        N/A       3%          3
 Maxwell's Portable Pile  Tloc           28%        2d(8-22)  4%          3
 Mephitic Cloud           Conj/Alch/Air  27%        N/A       4%          3
 Teleport Other           Tloc           28%        N/A       4%          3
 Hailstorm                Conj/Ice       17%        3d6       9%          3
 Sigil of Binding         Hex            17%        N/A       9%          3
 Brom's Barrelling Bould  Conj/Erth      34%        2d5       9%          4
 Freezing Cloud           Conj/Ice/Air   13%        6-21      38%         5
 Irradiate                Conj/Alch      8%         3d14      63%         5
 Summon Horrible Things   Summ           37%        N/A       67%         8
 Malign Gateway           Summ/Tloc      28%        N/A       77%         7
 Permafrost Eruption      Ice/Erth       17%        2x4d5     80%         6
 Spellforged Servitor     Conj/Summ      26%        N/A       87%         7
 Dispersal                Tloc           14%        N/A       91%         6
 Gell's Gavotte           Tloc           14%        2d(17-26) 91%         6
 Sculpt Simulacrum        Ice/Alch       8%         N/A       99%         6
 Orb of Destruction       Conj           8%         9d6       100%        7
 Ignition                 Fire           23%        3d8       100%        8
 Dimensional Bullseye     Hex/Tloc       Unusable   N/A       N/A         4

Dungeon Overview and Level Annotations

Branches:
Dungeon (11/15)            Temple (1/1) D:7            Lair (5/5) D:11
 Shoals (0/4) Lair:2        Snake (0/4) Lair:2        Slime (0/5) Lair:4
    Orc (2/2) D:11            Elf (0/3) Orc:2         Sewer (visited)
Gauntlet (visited)

Altars:
Ashenzari
Cheibriados
Dithmenos
Elyvilon
Fedhas
Gozag
Hepliaklqana
Kikubaaqudgha
Makhleb
Nemelex Xobeh
Okawaru
Qazlal
Ru
Sif Muna
Trog
Uskayaw
Vehumet
Wu Jian
Xom
Yredelemnul
Zin
The Shining One
Beogh
Jiyva

Shops:
D:1 *   D:5 (   D:6 ?   D:8 *   Orc:2 ****

Annotations:
D:8 exclusion: downstairs
Lair:2 exclusion: downstairs
Lair:3 exclusion: downstairs
Lair:4 exclusion: downstairs


Innate Abilities, Weirdness & Mutations

You have sharp claws.
You have razor-sharp teeth.
You have supernaturally acute eyesight. (SInv)
Your thick and shaggy fur keeps you warm. (AC +3, rC+)
Your paws help you pounce on unaware monsters.
You are incapable of wielding weapons or throwing items.
You cannot wear armour.
You gain extra lives every three experience levels.


Message History

Konar's ghost is engulfed in blazing flames.
Konar's ghost says, "Are you willing to die fighting?
I was!"
Konar's ghost hits your blazeheart golem!
Your blazeheart golem punches Konar's ghost.
Konar's ghost hits your blazeheart golem!
Konar's ghost hits your blazeheart golem!
Your blazeheart golem punches Konar's ghost.
Your blazeheart golem falls apart, revealing its core!
Your blazeheart core explodes!
The fiery explosion engulfs Konar's ghost.
Konar's ghost turns its malevolent gaze towards you.
Konar's ghost is engulfed in blazing flames.
Konar's ghost grins evilly.
Casting: Summon Blazeheart Golem (mildly dangerous; 1% risk of failure)
Confirm with . or Enter, or press ? or * to list all spells.
A fiery spirit appears, bound in slag iron.
Konar's ghost is engulfed in blazing flames.
Konar's ghost hits you.
Konar's ghost is engulfed in blazing flames.
Konar's ghost misses you.
Konar's ghost hits your blazeheart golem but does no damage.
Your blazeheart golem punches Konar's ghost.
Konar's ghost hits your blazeheart golem.
Konar's ghost hits your blazeheart golem!
Your blazeheart golem punches Konar's ghost!
Konar's ghost is destroyed!
Kikubaaqudgha accepts your kill.
There is a transporter landing site, spattered with blood here.
You see here the +2 pair of boots "Niopic" {rC+ Dex+3}.
You see here a stone.
There is a transporter here.
You enter the transporter and appear at another place.
You start resting.
Your blazeheart golem disappears in a puff of smoke!
Magic restored.
You start resting.
HP restored.
Okay, then.
Okay, then.
Are you sure you want to abandon this character and quit the game? (Confirm with "yes".)

......))).).....#............#...
.....)).)).......#...##.......#..
....#########........#.#.........
...##.......##........)..........
...#ß.##.##.ß#..)..#..)..........
...#..##.##..#.......)..#........
...#......)..#...................
..©#[...©).).#©..................
...#(....)...#..@.#..............
...#..##.##..#....#.........#....
...#ß.##.##.ß#...#..........#....
...##©......##....#...#......#...
....#########....#...............
.................................
.................................
..............................#..
...........................#.....


There were no monsters in sight!

Vanquished Creatures
  Rupert (Lair:5)
  An orc warlord (Orc:1)
  A minotaur (Gauntlet)
  Fannar (Lair:1)
  2 hydras
  Erica (Orc:1)
  A centaur warrior (Orc:2)
  3 two-headed ogres
  Urug (Lair:4)
  An orc high priest (Orc:2)
  A skyshark (Lair:4)
  2 orc knights (Orc:2)
  2 glowing orange brains (Gauntlet)
  An obsidian bat (Orc:2)
  2 ugly things
  A harpy (Lair:2)
  4 elephants
  5 black mambas
  12 cane toads
  3 kobold blastminers (Orc:2)
  2 gargoyles
  A rime drake (Lair:2)
  2 unseen horror zombies (D:9)
  14 komodo dragons
  3 trolls
  2 blink frogs (Lair:4)
  A vampire (D:10)
  15 yaks
  5 wyverns
  A wraith (Orc:1)
  Grum (Lair:1)
  4 wargs
  A vampire mosquito (D:9)
  A steam dragon (D:11)
  2 nagas (Lair:2)
  5 water moccasins
  Duvessa (D:5)
  19 orc warriors
  3 wolves
  4 ogres
  3 centaurs
  A kobold brigand (D:8)
  A bullfrog (Lair:3)
  A wight (D:7)
  Dowan (D:5)
  6 killer bees
  An electric eel (Lair:4)
  3 orc wizards
  An adder (D:3)
  An adder skeleton (D:3)
  5 orcs
  An endoplasm (D:2)
  2 giant cockroaches (D:1)
  A hobgoblin (D:3)
  A jackal (Sewer)
  A quokka (D:2)
  2 bats
  A kobold (D:3)
  A rat (D:2)
167 creatures vanquished.

Vanquished Creatures (collateral kills)
  The ghost of Konar the Warrior, a journeyman CoHu of Hepliaklqana (Orc:2)
  Josephine (Orc:1)
  A fire dragon (Lair:5)
  2 catoblepae
  Pikel (D:5)
  A lindwurm (Lair:5)
  A necromancer (Gauntlet)
  2 elephants (Lair:3)
  A torpor snail (Lair:1)
  A black mamba (Lair:5)
  3 molten gargoyles (Lair:5)
  A cane toad (Lair:4)
  A kobold blastminer (Orc:2)
  3 unseen horror zombies (D:9)
  3 komodo dragons
  3 rime drakes
  4 trolls
  Grinder (D:3)
  6 blink frogs
  3 dream sheep (Lair:1)
  A shadow (D:8)
  3 wraiths
  2 wyverns
  10 yaks
  2 basilisks
  2 steam dragons (Lair:5)
  2 vampire mosquitoes
  A warg (Orc:1)
  Menkaure (D:7)
  7 water moccasins
  An acid dragon (D:9)
  3 hell hounds (Lair:5)
  22 orc warriors
  2 sky beasts (D:7)
  13 wolves
  2 ice beasts
  5 ogres
  5 centaurs
  A lemure (D:5)
  2 brain worms (Sewer)
  Blork the orc (D:5)
  2 kobold brigands
  9 bullfrogs
  A scorpion (D:6)
  3 jellies
  3 wights (D:7)
  15 killer bees
  4 howler monkeys
  A bombardier beetle (D:5)
  5 lava snakes (Lair:5)
  An iron imp (D:3)
  2 centaur zombies (D:9)
  14 orc priests
  6 hounds
  2 gnoll boudas
  4 iguanas
  Ijyb (D:4)
  14 orc wizards
  Robin (D:4)
  2 howler monkey zombies (D:9)
  13 gnolls
  7 adders
  10 river rats
  An adder skeleton (D:3)
  A dart slug (D:1)
  3 ribbon worms
  39 orcs
  4 bats
  4 endoplasms
  A giant cockroach (D:1)
  8 goblins
  6 hobgoblins
  4 jackals (Sewer)
  A quokka (D:5)
  5 ball pythons
  2 frilled lizards
  12 kobolds
  A quokka zombie (D:3)
  6 rats
346 creatures vanquished.

Vanquished Creatures (others)
  An orc sorcerer (Orc:1)
  A troll (Orc:1)
  A wolf (Lair:1)
  2 orc wizards
  126 blazeheart cores
131 creatures vanquished.

Grand Total: 644 creatures vanquished

Notes
Turn   | Place    | Note
-------+----------+-------------------------------------------
     0 | D:1      | Autsider the Felid Summoner began the quest for the Orb.
     0 | D:1      | Reached XP level 1. HP: 9/9 MP: 4/4
   405 | D:1      | Reached XP level 2. HP: 13/13 MP: 3/6
   408 | D:1      | Learned a level 2 spell: Call Imp
  1025 | D:1      | Found Doull's General Store.
  1403 | D:2      | Reached XP level 3. HP: 16/16 MP: 5/8
  1407 | D:2      | Learned a level 3 spell: Call Canine Familiar
  2468 | D:3      | Noticed Grinder
  2468 | D:3      | Paralysed by Grinder for 5 turns
  2645 | D:3      | Reached XP level 4. HP: 21/21 MP: 5/9
  2645 | D:3      | Gained a life (2 lives remaining)
  2661 | D:3      | Paralysed by Grinder for 2 turns
  2915 | D:4      | Killed from afar by an orc wizard
  2915 | D:4      | Lost a life (1 life remaining)
  3121 | D:4      | Reached skill level 5 in Summonings
  3129 | D:4      | Noticed Robin
  3135 | D:4      | Noticed Ijyb
  3141 | D:4      | Killed Robin
  3142 | D:4      | Reached XP level 5. HP: 24/24 MP: 6/11
  3143 | D:4      | Paralysed by Ijyb for 5 turns
  3163 | D:4      | Killed Ijyb
  3315 | D:4      | Found an ornate altar of the Wu Jian Council.
  3482 | D:4      | Found a glowing silver altar of Zin.
  3670 | D:4      | Found a glowing golden altar of the Shining One.
  3900 | D:1      | Bought a potion of heal wounds for 50 gold pieces
  3900 | D:1      | Bought a scroll of identify for 20 gold pieces
  3900 | D:1      | Bought a potion of attraction for 30 gold pieces
  4012 | D:5      | Entered Level 5 of the Dungeon
  4042 | D:5      | Noticed a lemure
  4044 | D:5      | Noticed a lemure
  4045 | D:5      | Noticed a lemure
  4045 | D:5      | Noticed a lemure
  4048 | D:5      | Noticed Pikel
  4059 | D:5      | Found an iron altar of Okawaru.
  4122 | D:5      | Killed a lemure
  4122 | D:5      | Killed Pikel
  4123 | D:5      | Reached skill level 5 in Spellcasting
  4123 | D:5      | Reached skill level 7 in Summonings
  4123 | D:5      | Gained mutation: You are covered in thick fur. (AC +2)
                  | [Felid growth]
  4123 | D:5      | Reached XP level 6. HP: 18/28 MP: 0/15
  4123 | D:5      | Reached XP level 7. HP: 21/32 MP: 0/16
  4123 | D:5      | Gained a life (2 lives remaining)
  4128 | D:5      | Learned a level 4 spell: Summon Blazeheart Golem
  4472 | D:5      | Noticed Blork the orc
  4485 | D:5      | Killed Blork the orc
  4486 | D:5      | Reached skill level 1 in Fire Magic
  4778 | D:5      | Found Lezierph's Antique Weapon Boutique.
  4784 | D:5      | Reached skill level 1 in Evocations
  4823 | D:5      | Noticed Duvessa
  4976 | D:6      | Reached XP level 8. HP: 36/36 MP: 11/17
  4981 | D:6      | Learned a level 4 spell: Summon Lightning Spire
  5092 | D:6      | Found a glowing drain.
  5097 | Sewer    | Entered a sewer
  6383 | D:6      | Identified the +0 mace "Apsukiat" {freeze, Will++}
  6532 | D:6      | Found Kianestranu's Magic Scroll Shoppe.
  6550 | D:6      | Bought a scroll of identify for 30 gold pieces
  6671 | D:6      | Reached skill level 8 in Summonings
  6671 | D:6      | Reached XP level 9. HP: 32/39 MP: 11/19
  7062 | D:7      | Noticed Menkaure
  7069 | D:7      | Killed Menkaure
  7082 | D:7      | Reached skill level 5 in Fire Magic
  7089 | D:7      | Reached skill level 1 in Fighting
  7212 | D:7      | Reached skill level 1 in Air Magic
  7304 | D:7      | Found a staircase to the Ecumenical Temple.
  7432 | Temple   | Entered the Ecumenical Temple
  8223 | D:5      | Noticed Dowan
  8245 | D:5      | Killed Duvessa
  8245 | D:5      | Killed Dowan
  8625 | D:3      | Found a burning altar of Makhleb.
  8992 | D:3      | Killed Grinder
  9185 | D:8      | Found Pamial's Island Escapes.
  9363 | D:8      | Slain by a killer bee
  9363 | D:8      | Lost a life (1 life remaining)
  9416 | D:8      | Noticed a red ugly thing
  9421 | D:8      | Mangled by a red ugly thing
  9421 | D:8      | Lost a life (0 lives remaining)
  9457 | D:8      | Reached skill level 5 in Stealth
  9544 | D:8      | Reached XP level 10. HP: 30/48 MP: 16/21
  9544 | D:8      | Gained a life (1 life remaining)
  9697 | D:8      | Reached skill level 5 in Dodging
  9697 | D:8      | Reached skill level 5 in Evocations
  9896 | D:9      | Found an ancient bone altar of Kikubaaqudgha.
  9976 | D:9      | Became a worshipper of Kikubaaqudgha
 10253 | D:8      | Found a broken altar of Ashenzari.
 10285 | D:8      | Noticed a two-headed ogre
 10295 | D:8      | Killed a two-headed ogre
 10296 | D:8      | Reached skill level 9 in Summonings
 10372 | D:8      | Slain by a killer bee
 10372 | D:8      | Lost a life (0 lives remaining)
 10443 | D:8      | Killed a red ugly thing
 10898 | D:9      | Reached * piety under Kikubaaqudgha
 10898 | D:9      | Received a gift from Kikubaaqudgha
 11448 | D:9      | Reached XP level 11. HP: 48/54 MP: 7/24
 11540 | D:9      | Found a basalt altar of Yredelemnul.
 11709 | D:10     | Entered Level 10 of the Dungeon
 11720 | D:10     | Reached skill level 5 in Fighting
 11787 | D:10     | Found a hazy altar of Hepliaklqana.
 11790 | D:10     | Found a blossoming altar of Fedhas.
 11794 | D:10     | Found a shadowy altar of Dithmenos.
 11805 | D:10     | Noticed a two-headed ogre
 11813 | D:10     | Killed a two-headed ogre
 12127 | D:10     | Reached ** piety under Kikubaaqudgha
 12221 | D:10     | Found a snail-covered altar of Cheibriados.
 12263 | D:10     | Noticed a two-headed ogre
 12270 | D:10     | Killed a two-headed ogre
 12271 | D:10     | Reached skill level 5 in Air Magic
 12434 | D:10     | Found a sacrificial altar of Ru.
 12693 | D:8      | Bought a potion of haste for 100 gold pieces
 13204 | D:11     | Reached skill level 10 in Summonings
 13305 | D:11     | Found a staircase to the Lair.
 13737 | D:11     | Found a staircase to the Orcish Mines.
 13841 | Lair:1   | Entered Level 1 of the Lair of Beasts
 14006 | Lair:1   | Gained mutation: Your thick and shaggy fur keeps you warm.
                  | (AC +3, rC+) [Felid growth]
 14006 | Lair:1   | Reached XP level 12. HP: 62/62 MP: 17/26
 14395 | Lair:1   | Noticed Grum
 14405 | Lair:1   | Noticed Fannar
 14413 | Lair:1   | Reached skill level 10 in Stealth
 14420 | Lair:1   | Killed Grum
 14427 | Lair:1   | Killed Fannar
 14449 | Lair:1   | Reached *** piety under Kikubaaqudgha
 14449 | Lair:1   | Received a gift from Kikubaaqudgha
 15018 | Lair:2   | Found a staircase to the Snake Pit.
 15026 | Lair:2   | Reached skill level 1 in Necromancy
 15034 | Lair:2   | Reached skill level 1 in Earth Magic
 15509 | Lair:2   | Noticed a catoblepas
 15522 | Lair:2   | Killed a catoblepas
 15523 | Lair:2   | Reached skill level 10 in Dodging
 16032 | Lair:2   | Found a staircase to the Shoals.
 16266 | Lair:2   | Reached skill level 11 in Summonings
 16443 | Lair:3   | HP: 2/64 [spore (46)]
 16562 | Lair:3   | Found a gate leading to a gauntlet.
 16656 | Gauntlet | Entered a Gauntlet
 16656 | Gauntlet | Found a transporter.
 16687 | Gauntlet | Found a transporter.
 16700 | Gauntlet | Found a transporter.
 16702 | Gauntlet | Found a large runed translucent door.
 16702 | Gauntlet | Found a large runed translucent door.
 16703 | Gauntlet | Found a large runed translucent door.
 16703 | Gauntlet | Found a large runed translucent door.
 16704 | Gauntlet | Found a large runed translucent door.
 16704 | Gauntlet | Found a large runed translucent door.
 16704 | Gauntlet | Found a runed translucent door.
 16704 | Gauntlet | Found a runed translucent door.
 16704 | Gauntlet | Found a large runed translucent door.
 16705 | Gauntlet | Found a transporter.
 16722 | Gauntlet | Found a transporter.
 16736 | Gauntlet | Found a large runed translucent door.
 16737 | Gauntlet | Found a large runed translucent door.
 16738 | Gauntlet | Found a large runed translucent door.
 16738 | Gauntlet | Found a large runed translucent door.
 16739 | Gauntlet | Found a runed translucent gate.
 16740 | Gauntlet | Found a transporter.
 16740 | Gauntlet | Found a runed translucent gate.
 16741 | Gauntlet | Found a runed translucent gate.
 16742 | Gauntlet | Found a large runed translucent door.
 16742 | Gauntlet | Found a large runed translucent door.
 16743 | Gauntlet | Found a large runed translucent door.
 16744 | Gauntlet | Found a large runed translucent door.
 16750 | Gauntlet | Noticed a reaper
 16752 | Gauntlet | Found a transporter.
 16754 | Gauntlet | Found a large runed translucent door.
 16758 | Gauntlet | Found a transporter.
 16773 | Gauntlet | Found a transporter.
 16785 | Gauntlet | Found a transporter.
 16791 | Gauntlet | Found a transporter.
 16806 | Gauntlet | Found a transporter.
 16812 | Gauntlet | Found a transporter.
 16849 | Gauntlet | Found a transporter.
 16851 | Gauntlet | Found a transporter.
 16858 | Gauntlet | Noticed a catoblepas
 16876 | Gauntlet | Found a transporter.
 16880 | Gauntlet | Found a transporter.
 16902 | Gauntlet | Found a transporter.
 17188 | Gauntlet | Reached skill level 10 in Spellcasting
 17219 | Gauntlet | Killed a catoblepas
 17432 | Gauntlet | Identified the ring of Fikuluan {rPois rF+ Will+}
 17521 | Gauntlet | Reached XP level 13. HP: 33/68 MP: 11/28
 17521 | Gauntlet | Gained a life (1 life remaining)
 17532 | Gauntlet | Identified the +3 leather armour of Cocytus {rElec rPois
                  | rCorr Dex-4}
 17684 | Gauntlet | Noticed a minotaur
 17696 | Gauntlet | Killed a minotaur
 17752 | Gauntlet | Identified the +1 scale mail of Yesterday {*Slow Fly rF++
                  | rCorr}
 18201 | Lair:3   | Reached **** piety under Kikubaaqudgha
 19133 | Lair:4   | Reached skill level 5 in Necromancy
 19170 | Lair:4   | Found a staircase to the Slime Pits.
 19208 | Lair:4   | Noticed Urug
 19320 | Lair:3   | Identified a scroll of acquirement
 19320 | Lair:3   | Acquired 1274 gold pieces
 19587 | Lair:4   | Found a viscous altar of Jiyva.
 19734 | Lair:4   | Killed Urug
 19735 | Lair:4   | Reached skill level 5 in Earth Magic
 20064 | Lair:4   | Found a burning altar of Makhleb.
 20559 | Lair:5   | Entered Level 5 of the Lair of Beasts
 21037 | Lair:5   | Reached skill level 12 in Summonings
 21695 | Lair:5   | Noticed a fire dragon
 21710 | Lair:5   | Found a large runed translucent door.
 21711 | Lair:5   | Found a large runed translucent door.
 22180 | Lair:5   | Noticed Rupert
 22197 | Lair:5   | Killed Rupert
 22426 | Lair:5   | Reached XP level 14. HP: 74/76 MP: 22/30
 22522 | Lair:5   | Learned a level 5 spell: Borgnjor's Vile Clutch
 22529 | Lair:5   | Learned a level 6 spell: Death Channel
 23238 | Orc:1    | Entered Level 1 of the Orcish Mines
 23288 | Orc:1    | Noticed Josephine
 23289 | Orc:1    | Noticed an orc warlord
 23294 | Orc:1    | Killed Josephine
 23599 | D:8      | Bought a scroll of teleportation for 30 gold pieces
 23599 | D:8      | Bought a scroll of blinking for 75 gold pieces
 23599 | D:8      | Bought a scroll of fog for 40 gold pieces
 23599 | D:8      | Bought a potion of haste for 100 gold pieces
 23599 | D:8      | Bought a scroll of teleportation for 30 gold pieces
 23715 | Orc:1    | Found a roughly hewn altar of Beogh.
 24258 | Orc:1    | Noticed Erica
 24265 | Orc:1    | Killed Erica
 24385 | Orc:1    | Killed an orc warlord
 24386 | Orc:1    | Reached skill level 10 in Fighting
 24396 | Orc:1    | Reached ***** piety under Kikubaaqudgha
 24632 | Orc:2    | Entered Level 2 of the Orcish Mines
 24770 | Orc:2    | Reached skill level 13 in Summonings
 24832 | Orc:2    | Found a transporter.
 25040 | Orc:2    | Found a staircase to the Elven Halls.
 25098 | Orc:2    | Found a transporter.
 25104 | Orc:2    | Noticed Konar's ghost (journeyman CoHu)
 25225 | Orc:2    | Shot with a bolt by an orc knight
 25225 | Orc:2    | Lost a life (0 lives remaining)
 26371 | Orc:2    | Found Jeuwoxut's General Store.
 26371 | Orc:2    | Found Memu's General Store.
 26373 | Orc:2    | Found Uforchoz's Assorted Antiques.
 26375 | Orc:2    | Found Renaimne's Assorted Antiques.
 26379 | Orc:2    | Bought a potion of haste for 120 gold pieces
 26379 | Orc:2    | Bought a potion of curing for 36 gold pieces
 26379 | Orc:2    | Bought a potion of might for 48 gold pieces
 26379 | Orc:2    | Bought a scroll of fear for 48 gold pieces
 26380 | Orc:2    | Bought a scroll of identify for 36 gold pieces
 26382 | Orc:2    | Bought a wand of warping (6) for 345 gold pieces
 26382 | Orc:2    | Bought a potion of haste for 240 gold pieces
 26382 | Orc:2    | Bought a scroll of fear for 96 gold pieces
 26382 | Orc:2    | Bought a potion of haste for 240 gold pieces
 26382 | Orc:2    | Bought a scroll of teleportation for 72 gold pieces
 26655 | Orc:2    | Identified the +2 pair of boots "Niopic" {rC+ Dex+3}
 26963 | Orc:2    | Reached skill level 1 in Translocations
 26975 | Orc:2    | Killed Konar's ghost
 27078 | Orc:2    | Quit the game

Illustrated notes

Levels and vault maps discovered:
D:1:      spicycebolla_green_bress_n_ham, layout_basic, serial_shops,
          nicolae_shop_back_alley_shop
D:2:      layout_loops_ring
D:3:      layout_rooms, demons_altar, serial_undead, serial_undead_d,
          serial_undead_d, serial_undead_e, serial_undead_e, uniq_grinder
D:4:      layout_cave_pools, lemuel_coloured_pillars_altar,
          kennysheep_mini_moat, marbit_many_paths,
          chequers_serial_rivers_micro_a, kennysheep_path_1, nicolae_goblin_pals
D:5:      layout_gridville, lemuel_tele_altar, serial_shops,
          nicolae_shop_tiny_statue_garden, minmay_misc_feat_tiny, uniq_duvessa,
          uniq_pikel, uniq_blork_the_orc
D:6:      layout_basic, lightli_sewer_entry_pipes, serial_shops,
          nicolae_shop_tiny_glass
D:7:      layout_basic, temple_hall, uniq_menkaure
D:8:      layout_basic, mainiacjoe_overflow_24_doors, nicolae_island_escapes
D:9:      layout_small_grid, nicolae_yredelemnul_corpse_copse,
          mainiacjoe_overflow_concentric_impassable
D:10:     layout_gridville, mainiacjoe_overflow_swirl,
          grunt_temple_overflow_diamond
D:11:     layout_basic, erik_lair_dragon, orc_0_dummy
Temple:   chequers_temple_sunken
Lair:1:   layout_cave_pods, infiniplex_staircase_pool_2, uniq_fannar, uniq_grum
Lair:2:   layout_regular_city, mainiacjoe_shoals_entry_four_pools,
          guppyfry_snake_entry_garden
Lair:3:   layout_cave_pods, gauntlet_entry_generic
Lair:4:   layout_regular_city, slime_entry_1, basic_altar, grunt_megastairs_4,
          serial_bayou_shore_a, uniq_urug
Lair:5:   cheibrodos_lair_end_hotspot, layout_gridlike, uniq_rupert
Orc:1:    layout_diamond_mine, basic_altar, uniq_erica, uniq_josephine
Orc:2:    st_orc_rangers, layout_caves, gammafunk_ghost_arena,
          nicolae_orc_stony_grotto

Skill      XL: |  1  2  3  4  5  6  7  8  9 10 11 12 13 14 |
---------------+-------------------------------------------+-----
Spellcasting   | 3 5 6 7 8 9 10 11 12 | 12.0
Summonings     | 5 7 8 9 10 11 12 13 | 13.0
Fire Magic     | 2 4 5 |  5.0
Evocations     | 1 3 4 5 |  5.0
Dodging        | 4 7 9 10 | 10.0
Stealth        | 5 7 9 10 | 10.0
Fighting       | 2 4 6 8 9 10 | 10.0
Air Magic      | 2 4 5 |  5.0
Necromancy     | 4 6 8 |  8.4
Earth Magic    | 3 5 6 |  6.0
Translocations | 1 |  1.9

Action                     |  1- 3 |  4- 6 |  7- 9 | 10-12 | 13-15 || total
---------------------------+-------+-------+-------+-------+-------++-------
  Melee: Unarmed           |    52 |     3 |    67 |    32 |     7 ||   161
         Bite              |     4 |     1 |    10 |     6 |       ||    21
         Punch             |     2 |       |     3 |       |       ||     5
   Cast: Summon Small Mamm |    14 |     9 |     1 |     5 |       ||    29
         Call Imp          |    14 |    15 |    48 |    26 |    11 ||   114
         Call Canine Famil |     9 |    10 |    56 |    27 |    20 ||   122
         Summon Blazeheart |       |       |    16 |    91 |   106 ||   213
         Summon Lightning  |       |       |     1 |    21 |    68 ||    90
         Borgnjor's Vile C |       |       |       |       |    24 ||    24
         Death Channel     |       |       |       |       |     2 ||     2
 Invoke: Unearth Wretches  |       |       |       |       |     1 ||     1
    Use: Scroll            |       |     6 |     8 |     4 |    10 ||    28
         Potion            |       |     2 |       |       |    12 ||    14
   Stab: Sleeping          |       |       |     2 |       |       ||     2
         Paralysed         |       |       |       |       |     1 ||     1
 Armour: Skin              |    26 |    20 |    34 |    51 |   117 ||   248
  Dodge: Dodged            |    56 |    63 |    88 |   127 |   250 ||   584

Table legend: (Time is in decaauts)
 A = Elapsed time spent in this place.
 B = Non-inter-level travel time spent in this place.
 C = Inter-level travel time spent in this place.
 D = Time resting spent in this place.
 E = Time spent auto-exploring this place.
 F = Levels seen in this place.
 G = Mean time per level.
                   A        B        C        D        E       F      G
               +--------+--------+--------+--------+--------+-----+--------+
         Total |  27343 |  24794 |   2549 |   5100 |  13644 |  21 | 1302.0 |
       Dungeon |  13342 |  11728 |   1614 |   1587 |   7450 |  11 | 1212.9 |
        Temple |      1 |      0 |      1 |      0 |      0 |   1 |    1.0 |
          Lair |   8195 |   7498 |    697 |   1852 |   3986 |   5 | 1639.0 |
  Orcish Mines |   3452 |   3218 |    234 |   1345 |    964 |   2 | 1726.0 |
         Sewer |   1195 |   1195 |      0 |      0 |    826 |   1 | 1195.0 |
      Gauntlet |   1155 |   1155 |      0 |    316 |    417 |   1 | 1155.0 |
               +--------+--------+--------+--------+--------+-----+--------+

Top non-repeatable levels by time:
   Orc:2: 2426 daAuts
  Lair:5: 2410 daAuts
  Lair:2: 1679 daAuts
  Lair:3: 1611 daAuts
     D:8: 1606 daAuts
  Lair:4: 1421 daAuts
    D:11: 1418 daAuts
     D:1: 1266 daAuts
     D:6: 1257 daAuts
     D:9: 1251 daAuts
     D:5: 1215 daAuts
   Sewer: 1195 daAuts
     D:2: 1186 daAuts
Gauntlet: 1155 daAuts
     D:7: 1115 daAuts
